AoeStats
← Der Sprudel

Arabia

507251325Analyzed
1v1 RM · 15d ago on Sep 17, 2026· 48m 51s· 2 players
Game mode
Random Map
Map size
Tiny (2 player)
Population
200
Speed
Normal
Resources
Standard
Victory
Conquest
Starting age
Dark Age
Ending age
Imperial Age
RankedLock teamsTeams togetherTeam positionsShared explorationLock speedFull tech treeHidden civsTurbo modeCheats
Victory
Defeat
🇩🇪 Persians · Germany
1250
+17
🇦🇷 Vikings · Argentina
1273
-17
Der Sprudel
7:26 Loom
9:51 Feudal Age
10:24 Double-Bit Axe
10:21 Horse Collar
12:55 Fletching
21:34 Castle Age
20:16 Scale Barding Armor
20:05 Gold Mining
21:11 Bloodlines
22:15 Bow Saw
22:09 Bodkin Arrow
25:43 Stone Mining
28:42 Gold Shaft Mining
29:42 Forging
29:09 Crossbowman
31:17 Iron Casting
31:42 Wheelbarrow
30:52 Town Watch
33:25 Stone Shaft Mining
33:44 Hand Cart
33:44 Thumb Ring
34:16 Chain Barding Armor
34:01 Husbandry
35:43 Devotion
41:39 Imperial Age
40:36 Padded Archer Armor
41:43 Leather Archer Armor
42:47 Plate Barding Armor
41:35 Cavalier
42:43 Conscription
42:58 Ballistics
43:40 Chemistry
42:51 Masonry
42:37 Murder Holes
44:11 Two-Man Saw
43:14 Heavy Plow
42:42 Onager
46:46 Hoardings
46:48 Architecture
45:46 Savar
45:47 Light Cavalry
nimash12
6:57 Loom
11:33 Feudal Age
12:01 Double-Bit Axe
11:57 Horse Collar
21:10 Gold Mining
23:36 Castle Age
23:12 Fletching
23:23 Padded Archer Armor
24:25 Pikeman
29:36 Bow Saw
31:00 Heavy Plow
30:49 Elite Skirmisher
37:19 Stone Mining
38:05 Gold Shaft Mining
40:31 Imperial Age
39:09 Forging
39:00 Scale Mail Armor
38:56 Bodkin Arrow
39:16 Leather Archer Armor
39:23 Ballistics
38:41 Man-at-Arms
39:07 Gambesons
39:22 Squires
39:08 Arson
39:33 Town Watch
39:24 Long Swordsman
41:48 Bogsveigar
41:16 Two-Handed Swordsman
43:08 Chemistry
42:27 Champion
44:47 Bracer
45:17 Ring Archer Armor
45:24 Iron Casting
45:04 Chain Mail Armor
45:55 Onager
Connection lost

Rejoining the realm…

Still unreachable

The connection could not be restored.

Session expired

The server has moved on; the page needs a fresh start.